 Dungeon Crawl Stone Soup version 0.27-a0-1202-ge72e49191c (webtiles) character file.

Game seed: 10514694968373467945

84921 rjrrt the Executioner (level 15, -4/205 HPs)
             Began as a Minotaur Berserker on June 3, 2021.
             Was a High Priest of Trog.
             Slain by a freezing wraith (6 damage)
             ... led by a death knight
             ... on level 15 of the Dungeon.
             The game lasted 00:37:41 (27185 turns).

rjrrt the Executioner (Minotaur Berserker)         Turns: 27185, Time: 00:37:42

Health: -4/205     AC: 25    Str: 30    XL:     15   Next: 36%
Magic:  14/14      EV: 11    Int:  4    God:    Trog [*****.]
Gold:   2203       SH:  5    Dex: 11    Spells: 14/14 levels left

rFire    . . .     SeeInvis .   a - +0 battleaxe (flame)
rCold    + + .     Faith    .   (shield currently unavailable)
rNeg     . . .     Spirit   .   r - +1 plate armour {rC+}
rPois    .         Reflect  +   (helmet restricted)
rElec    .         Harm     .   h - +0 cloak
rCorr    .         Rampage  .   R - +2 pair of gloves {Str+3}
Will     ++...                  l - +1 pair of boots
Stlth    ..........             P - amulet of reflection
HPRegen  0.44/turn              s - ring of protection from cold
MPRegen  0.14/turn              B - ring of willpower

@: berserking, very quick
A: horns 2, retaliatory headbutt
a: Renounce Religion, Berserk, Trog's Hand, Brothers in Arms


You were on level 15 of the Dungeon.
You worshipped Trog.
Trog was extremely pleased with you.
You visited 2 branches of the dungeon, and saw 21 of its levels.

You collected 2827 gold pieces.
You spent 624 gold pieces at shops.

Inventory:

Hand Weapons
 a - a +0 battleaxe of flaming (weapon)
 m - a +1 antimagic battleaxe
 v - a +0 glaive
 L - a +7 battleaxe
 Q - the +7 great mace "Firestarter" {inner flame, rF++}
   (You found it on level 13 of the Dungeon)

   It has been specially enchanted to burn those struck by it, causing extra
   injury to most foes and up to half again as much damage against particularly
   susceptible opponents.
   It greatly protects you from fire.
Missiles
 d - 86 poisoned darts (quivered)
 y - 5 silver javelins
 C - 13 curare-tipped darts
 E - 7 boomerangs
 F - 8 boomerangs of dispersal
Armour
 h - a +0 cloak (worn)
 l - a +1 pair of boots (worn)
 r - a +1 plate armour of cold resistance (worn)
 R - a +2 pair of gloves of strength (worn)
Jewellery
 s - a ring of protection from cold (left hand)
 A - a ring of flight
 B - a ring of willpower (right hand)
 H - a ring of fire
 P - an amulet of reflection (around neck)
Wands
 b - a wand of paralysis (11)
 q - a wand of iceblast (24)
 u - a wand of acid (14)
 K - a wand of polymorph (8)
 O - a wand of digging (13)
Scrolls
 o - 5 scrolls of enchant weapon
 p - 4 scrolls of teleportation
 w - a scroll of fear
 x - 5 scrolls of enchant armour
 z - 9 scrolls of identify
 I - 2 scrolls of blinking
 J - 4 scrolls of magic mapping
 M - a scroll of holy word
Potions
 c - 2 potions of invisibility
 e - 6 potions of flight
 f - a potion of ambrosia
 g - 2 potions of heal wounds
 i - 5 potions of curing
 j - 4 potions of haste
 k - 2 potions of cancellation
 n - a potion of lignification
 t - 5 potions of might
 D - a potion of resistance
 G - 3 potions of attraction
 N - 2 potions of mutation


   Skills:
 + Level 13.8 Fighting
 * Level 21.5 Axes
 - Level 4.0 Throwing
 + Level 13.7 Armour
 + Level 10.2 Dodging
 - Level 4.0 Evocations


You had 14 spell levels left.
You didn't know any spells.
Your spell library was empty.

Dungeon Overview and Level Annotations

Branches:
Dungeon (15/15)            Temple (0/1) D:4            Lair (6/6) D:10
  Swamp (0/4) Lair:3        Snake (0/4) Lair:4        Slime (0/5) Lair:6
    Orc (0/2) D:12         Vaults (0/5) D:13
 Depths: D:15

Altars:
Uskayaw

Shops:
D:1 :   D:9 !   D:14 [   D:15 ?

Annotations:
D:14 2 transporters, Strat's ghost, journeyman GnAE
Lair:1 exclusion: 4 oklob plants


Innate Abilities, Weirdness & Mutations

You have a pair of horns on your head.
You reflexively headbutt those who attack you in melee.


Message History

* * * LOW HITPOINT WARNING * * *
The freezing wraith freezes you. You resist.
* * * LOW HITPOINT WARNING * * *
The freezing wraith hits you but does no damage.
The tengu warrior closely misses you. You block the tengu warrior's attack.
The tengu warrior misses you.
Unknown command.
A red film seems to cover your vision as you go berserk!
You feel yourself moving faster!
You feel mighty! The freezing wraith hits you!
* * * LOW HITPOINT WARNING * * *
The freezing wraith freezes you. You resist.
* * * LOW HITPOINT WARNING * * *
The freezing wraith hits you.
* * * LOW HITPOINT WARNING * * *
The tengu warrior misses you. You furiously retaliate!
You headbutt the tengu warrior!
You kill the tengu warrior!
Trog accepts your kill. The freezing wraith hits you.
* * * LOW HITPOINT WARNING * * *
The freezing wraith freezes you. You resist.
* * * LOW HITPOINT WARNING * * *
You block the freezing wraith's attack.
You hit the freezing wraith but do no damage.
The freezing wraith is heavily damaged.
Unknown command.
You completely miss the freezing wraith.
The freezing wraith is heavily damaged.
You feel yourself speed up. The freezing wraith hits you.
* * * LOW HITPOINT WARNING * * *
The freezing wraith freezes you. You resist.
* * * LOW HITPOINT WARNING * * *
You block the freezing wraith's attack.
You closely miss the freezing wraith.
The freezing wraith is heavily damaged.
The freezing wraith hits you.
* * * LOW HITPOINT WARNING * * *
The freezing wraith freezes you. You resist.
You die...

....... #............
.....#. .....
#.....####### ....)..
....######.....# .......
..............# .......
(.........'### .......
.....######. .......
##...# W ....... #W*Q# ยง
....... .... #.@.# ##....#
#.....#...######
......#.......#........#
......#.......####.....#
.#....#..........#.....#
...#.............#.....#
.#...#...........'.....#
...#...#.........'.....#
.#...#...........#........


You could see a freezing wraith, a tengu conjurer and a battlesphere.

Vanquished Creatures
  3 fire dragons
  13 hydras
  A boulder beetle (D:14)
  6 two-headed ogres
  6 centaur warriors
  A death knight (D:15)
  Erica (D:11)
  4 death yaks (Lair:6)
  6 tengu warriors
  Nergalle (D:11)
  A lindwurm (Lair:6)
  A deep elf pyromancer (D:12)
  A necromancer (D:13)
  A manticore (D:12)
  3 cyclopes
  6 ugly things
  13 elephants
  12 black mambas
  A black mamba (shapeshifter) (D:13)
  2 molten gargoyles (Lair:6)
  3 gargoyles
  16 cane toads
  An efreet (D:14)
  15 komodo dragons
  An unseen horror (D:12)
  3 rime drakes
  2 freezing wraiths (D:15)
  2 tengu conjurers (D:14)
  6 trolls
  2 meliai (D:13)
  2 polar bears
  9 blink frogs
  12 slime creatures
  A hornet (D:8)
  A shadow (D:12)
  2 spriggans (shapeshifter)
  6 wraiths
  A centaur simulacrum (D:14)
  9 wyverns
  30 yaks
  7 basilisks
  A human (shapeshifter) (D:13)
  Eustachio (D:4)
  6 fire bats (D:13)
  3 steam dragons
  18 vampire mosquitoes
  2 acid dragons
  14 water moccasins
  3 hell hounds (Lair:6)
  4 necrophages
  A swamp drake (D:10)
  2 ice beasts (D:6)
  5 orc warriors
  9 wolves (Lair:2)
  15 centaurs
  An ogre (D:6)
  3 phantoms (D:6)
  A centaur (shapeshifter) (D:15)
  2 kobold brigands
  15 bullfrogs
  3 scorpions
  2 water moccasin zombies
  7 killer bees
  15 wights
  2 howler monkeys (D:6)
  4 electric eels
  4 centaur zombies
  5 lava snakes (Lair:6)
  7 orc priests
  A centaur skeleton (D:5)
  3 jellies
  3 bullfrog skeletons
  3 gnoll shamans
  An iguana (D:6)
  Jessica (D:3)
  Ijyb (D:3)
  Terence (D:3)
  10 orc wizards
  2 killer bee zombies (D:6)
  A hound skeleton (D:5)
  11 gnolls
  5 adders
  A shadow imp (D:5)
  An adder skeleton (D:4)
  A dart slug (D:4)
  33 orcs
  11 endoplasms
  5 giant cockroaches
  7 goblins
  7 hobgoblins
  5 jackals
  2 quokkas (D:4)
  9 ball pythons
  3 bats
  4 frilled lizards
  14 kobolds
  7 rats
522 creatures vanquished.

Vanquished Creatures (collateral kills)
  Nessos (Lair:4)
  5 elephants (Lair:2)
  A komodo dragon (Lair:2)
  A cane toad (Lair:2)
  A meliai (D:13)
  6 blink frogs
  2 water moccasins (Lair:2)
  An orc warrior (D:12)
  A swamp drake (D:12)
  An orc wizard (D:12)
  3 orcs (D:12)
23 creatures vanquished.

Vanquished Creatures (others)
  An orc priest (D:12)
  A bush (D:6)
  28 fungi
  45 plants
  A withered plant (D:1)
76 creatures vanquished.

Grand Total: 621 creatures vanquished

Notes
Turn   | Place    | Note
-------+----------+-------------------------------------------
     0 | D:1      | rjrrt the Minotaur Berserker began the quest for the Orb.
     0 | D:1      | Reached XP level 1. HP: 19/19 MP: 0/0
   150 | D:1      | Reached skill level 4 in Axes
   228 | D:1      | Found Nuapiggusew's Book Boutique.
   251 | D:1      | Reached XP level 2. HP: 20/26 MP: 1/1
   396 | D:1      | Found a faded altar of an unknown god.
   517 | D:1      | Reached skill level 5 in Axes
   523 | D:1      | Reached ** piety under Trog
   756 | D:1      | Reached XP level 3. HP: 31/31 MP: 2/2
  1720 | D:3      | Noticed Jessica
  1726 | D:3      | Killed Jessica
  1727 | D:3      | Reached skill level 6 in Axes
  1727 | D:3      | Reached XP level 4. HP: 39/39 MP: 3/3
  2423 | D:3      | Noticed Terence
  2424 | D:3      | Noticed Ijyb
  2425 | D:3      | Reached *** piety under Trog
  2429 | D:3      | Killed Terence
  2430 | D:3      | Reached skill level 7 in Axes
  2430 | D:3      | Reached XP level 5. HP: 45/45 MP: 4/4
  2431 | D:3      | Killed Ijyb
  2942 | D:4      | Noticed Eustachio
  2960 | D:4      | Killed Eustachio
  2961 | D:4      | Reached skill level 8 in Axes
  2961 | D:4      | Reached XP level 6. HP: 38/52 MP: 5/5
  3263 | D:4      | Found a staircase to the Ecumenical Temple.
  3624 | D:5      | Entered Level 5 of the Dungeon
  4097 | D:5      | Reached XP level 7. HP: 60/60 MP: 6/6
  4882 | D:6      | Reached skill level 5 in Fighting
  4882 | D:6      | Reached skill level 9 in Axes
  5654 | D:6      | Reached **** piety under Trog
  5667 | D:6      | Reached skill level 5 in Armour
  5668 | D:6      | Reached XP level 8. HP: 70/70 MP: 7/7
  6050 | D:7      | Reached skill level 10 in Axes
  6851 | D:7      | Reached skill level 11 in Axes
  7081 | D:7      | Reached XP level 9. HP: 66/79 MP: 8/8
  7613 | D:6      | Noticed a two-headed ogre
  7614 | D:6      | Noticed a red ugly thing
  7629 | D:6      | Killed a two-headed ogre
  7630 | D:6      | Reached skill level 12 in Axes
  7636 | D:6      | Killed a red ugly thing
  7798 | D:6      | Noticed a two-headed ogre
  7798 | D:6      | Noticed a two-headed ogre
  7809 | D:6      | Killed a two-headed ogre
  7810 | D:6      | Reached skill level 13 in Axes
  7810 | D:6      | Reached XP level 10. HP: 90/90 MP: 9/9
  7817 | D:6      | Killed a two-headed ogre
  8093 | D:6      | Noticed a cyclops
  8103 | D:6      | Killed a cyclops
  8371 | D:8      | Reached skill level 14 in Axes
  8735 | D:8      | Paralysed by a hornet for 3 turns
  8741 | D:8      | Reached skill level 1 in Evocations
  9325 | D:9      | Reached ***** piety under Trog
  9540 | D:9      | Noticed a cyclops
  9554 | D:9      | Killed a cyclops
  9555 | D:9      | Reached skill level 10 in Fighting
  9556 | D:9      | Found Ykhicaq's Distillery.
  9613 | D:9      | Bought a potion of resistance for 150 gold pieces
  9613 | D:9      | Bought a potion of degeneration for 15 gold pieces
  9613 | D:9      | Bought a potion of brilliance for 60 gold pieces
  9613 | D:9      | Bought a potion of attraction for 45 gold pieces
  9613 | D:9      | Bought a potion of berserk rage for 75 gold pieces
  9943 | D:9      | Found a hide-covered altar of Uskayaw.
 10173 | D:9      | Reached XP level 11. HP: 99/99 MP: 10/10
 10942 | D:10     | Entered Level 10 of the Dungeon
 11219 | D:10     | Reached skill level 10 in Armour
 11441 | D:10     | Found a staircase to the Lair.
 11959 | D:10     | Reached skill level 15 in Axes
 12163 | Lair:1   | Entered Level 1 of the Lair of Beasts
 12374 | Lair:1   | Noticed a six-headed hydra
 12394 | Lair:1   | Killed a six-headed hydra
 12518 | Lair:1   | Reached skill level 5 in Dodging
 12950 | Lair:1   | Reached skill level 1 in Throwing
 13331 | Lair:1   | Noticed an oklob plant
 13331 | Lair:1   | Noticed an oklob plant
 13331 | Lair:1   | Noticed an oklob plant
 13332 | Lair:1   | Noticed an oklob plant
 13854 | Lair:2   | Reached XP level 12. HP: 90/110 MP: 11/11
 14195 | Lair:2   | Received a gift from Trog
 14220 | Lair:2   | Reached skill level 16 in Axes
 15271 | Lair:3   | Noticed a five-headed hydra
 15283 | Lair:3   | Killed a three-headed hydra
 15779 | Lair:3   | Found a staircase to the Swamp.
 15838 | Lair:3   | Reached skill level 17 in Axes
 16120 | Lair:4   | Noticed a five-headed hydra
 16127 | Lair:4   | Killed a one-headed hydra
 16340 | Lair:4   | Found a staircase to the Snake Pit.
 16561 | Lair:4   | Noticed an eight-headed hydra
 16568 | Lair:4   | Killed a six-headed hydra
 16810 | Lair:4   | Noticed Nessos
 16812 | Lair:4   | Reached skill level 18 in Axes
 16818 | Lair:4   | Killed Nessos
 16819 | Lair:4   | Reached XP level 13. HP: 59/116 MP: 12/12
 17351 | Lair:5   | Reached skill level 19 in Axes
 17830 | Lair:5   | Received a gift from Trog
 18080 | Lair:6   | Entered Level 6 of the Lair of Beasts
 18478 | Lair:6   | HP: 5/177 [death yak (11)]
 18726 | Lair:6   | Reached XP level 14. HP: 83/126 MP: 13/13
 19026 | Lair:6   | Found a staircase to the Slime Pits.
 19228 | Lair:6   | Reached skill level 20 in Axes
 19585 | Lair:6   | Found a large runed translucent door.
 19586 | Lair:6   | Found a large runed translucent door.
 20766 | D:11     | Received a gift from Trog
 20806 | D:11     | Noticed Erica
 20819 | D:11     | Noticed Nergalle
 20825 | D:11     | Killed Erica
 20833 | D:11     | Killed Nergalle
 21447 | D:11     | Identified a scroll of acquirement
 21447 | D:11     | Acquired 822 gold pieces
 22120 | D:12     | Found a staircase to the Orcish Mines.
 22622 | D:12     | You fall into a shaft and drop 1 floor!
 22859 | D:13     | Identified the +1 pair of gloves of Knowledge {Str+4}
 23165 | D:12     | Noticed Sonja
 23170 | D:12     | Noticed Sonja
 23170 | D:12     | Sonja changed into Sonja the naga
 23172 | D:12     | Noticed Sonja
 23172 | D:12     | Sonja the naga changed into Sonja the water moccasin
 23180 | D:12     | Killed Sonja the water moccasin
 24423 | D:13     | Reached skill level 21 in Axes
 24487 | D:13     | Found a gate to the Vaults.
 24569 | D:13     | Found the +7 great mace "Firestarter" {inner flame, rF++}
 24581 | D:13     | Reached XP level 15. HP: 104/136 MP: 14/14
 24852 | D:14     | Found Fianwiy's Armour Shop.
 24871 | D:14     | Bought a +2 pair of gloves of strength for 279 gold pieces
 24918 | D:14     | Found a transporter.
 24926 | D:14     | Found a transporter.
 24933 | D:14     | Noticed Strat's ghost (journeyman GnAE)
 26131 | D:14     | Received a gift from Trog
 26475 | D:14     | Reached skill level 10 in Dodging
 26863 | D:15     | Entered Level 15 of the Dungeon
 27082 | D:15     | Found Vies's Magic Scroll Boutique.
 27184 | D:15     | HP: 9/205 [freezing wraith[a death knight] (6)]
 27185 | D:15     | HP: 2/205 [freezing wraith[a death knight] (4)]
 27185 | D:15     | Slain by a freezing wraith

Illustrated notes

Levels and vault maps discovered:
D:1:      dpeg_arrival_court, layout_basic, serial_shops, shop,
          ebering_ecumenical_altar_petrified,
          amcnicky_mini_rare_corridor_liquid, grunt_decor_clamped,
          serial_bayou_ford_a
D:2:      layout_loops_ring, dk_noncrumbling_4
D:3:      layout_basic, corexii_corridor_pit, uniq_ijyb, uniq_terence,
          uniq_jessica
D:4:      layout_basic, minmay_temple_entry_poolview, serial_curves,
          eino_curves_04, eino_curves_04, eino_curves_01, uniq_eustachio
D:5:      layout_loops_ring, kennysheep_windowed_goal
D:6:      minmay_klotski, layout_loops_corners
D:7:      layout_basic
D:8:      layout_cave_pools, serial_glass, glass_columns_a, glass_columns_b,
          minmay_strange_pillars
D:9:      layout_basic, overflow_temple_1_default, serial_shops,
          nicolae_shop_trees
D:10:     layout_roguey, erik_lair_dragon
D:11:     layout_loops_corners, centaur_isle, uniq_nergalle, uniq_erica
D:12:     layout_loops_corners, erik_orc_1, serial_bayou_lagoon_a,
          kennysheep_crisscross, kennysheep_generic_room_4, uniq_sonja
D:13:     minmay_firetagon, layout_long_grid, david_vaults_4
D:14:     layout_stronghold, serial_shops, nicolae_shop_window_shopping,
          gammafunk_ghost_stat_death, wad_mini_maze
D:15:     hangedman_depths_entry_civil_slaughter, layout_irregular_city,
          serial_shops, shop, kennysheep_pointless_box, hex_large,
          nemelex_xobeh_ov_fountains_minmay
Lair:1:   layout_cave_shapes, grunt_megastairs_4, infiniplex_staircase_pool,
          minmay_lair_oklob_chamber
Lair:2:   layout_chaotic_city
Lair:3:   layout_regular_city, minmay_swamp_entry_swarm,
          hangedman_lair_unloving_vines, lemuel_fruit_fields, lemuel_fruit_tree
Lair:4:   layout_gridlike, minmay_snake_entry_six_corridors, uniq_nessos
Lair:5:   layout_cave_pods
Lair:6:   cheibrodos_lair_end_hotspot, layout_layer_cave,
          minmay_slime_entry_pillars, serial_bayou_lake_a, serial_bayou_shore_b

Skill      XL: |  1  2  3  4  5  6  7  8  9 10 11 12 13 14 15 |
---------------+----------------------------------------------+-----
Axes           | 4 5 6 7 8 9 11 13 14 15 18 19 21 | 21.5
Fighting       | 4 5 7 8 10 11 12 13 | 13.8
Armour         | 3 5 6 8 9 10 11 12 13 | 13.7
Evocations     | 1 4 |  4.0
Dodging        | 3 5 6 7 9 10 | 10.2
Throwing       | 1 4 |  4.0

Action                   |  1- 3 |  4- 6 |  7- 9 | 10-12 | 13-15 || total
-------------------------+-------+-------+-------+-------+-------++-------
Melee: Hand axe          |    82 |   108 |   237 |   142 |       ||   569
       Headbutt          |    12 |    18 |    48 |   107 |   173 ||   358
       War axe           |       |       |       |   245 |       ||   245
       Dire flail        |       |       |       |     5 |       ||     5
       Battleaxe         |       |       |       |   130 |   726 ||   856
Throw: Dart              |       |       |     3 |     5 |     4 ||    12
Invok: Berserk           |     1 |     1 |     6 |     6 |     9 ||    23
       Brothers in Arms  |       |       |       |     3 |     2 ||     5
       Trog's Hand       |       |       |       |       |     2 ||     2
Evoke: Wand              |       |       |       |     3 |    14 ||    17
  Use: Scroll            |     5 |     9 |     6 |       |     5 ||    25
       Potion            |       |       |     1 |     1 |     2 ||     4
Armor: Animal skin       |    16 |       |       |       |       ||    16
       Scale mail        |     7 |    42 |       |       |       ||    49
       Ring mail         |     3 |       |       |       |       ||     3
       Plate armour      |       |    24 |   129 |   303 |   434 ||   890
Dodge: Dodged            |    51 |    50 |    67 |   202 |   327 ||   697
Block: Other             |       |       |       |       |    87 ||    87
       Reflection        |       |       |       |       |     5 ||     5

Table legend: (Time is in decaauts)
 A = Elapsed time spent in this place.
 B = Non-inter-level travel time spent in this place.
 C = Inter-level travel time spent in this place.
 D = Time resting spent in this place.
 E = Time spent auto-exploring this place.
 F = Levels seen in this place.
 G = Mean time per level.
                   A        B        C        D        E       F      G
               +--------+--------+--------+--------+--------+-----+--------+
         Total |  27056 |  26005 |   1051 |   3505 |  18278 |  21 | 1288.4 |
       Dungeon |  18839 |  18185 |    654 |   2397 |  12980 |  15 | 1255.9 |
          Lair |   8216 |   7819 |    397 |   1107 |   5298 |   6 | 1369.3 |
               +--------+--------+--------+--------+--------+-----+--------+

Top non-repeatable levels by time:
  Lair:6: 2231 daAuts
    D:14: 2000 daAuts
     D:6: 1997 daAuts
    D:12: 1681 daAuts
  Lair:1: 1650 daAuts
    D:13: 1646 daAuts
     D:7: 1643 daAuts
     D:9: 1635 daAuts
    D:10: 1268 daAuts
  Lair:2: 1249 daAuts
     D:3: 1222 daAuts
  Lair:3: 1096 daAuts
     D:5: 1079 daAuts
  Lair:4: 1039 daAuts
     D:1: 1009 daAuts
